 Dungeon Crawl Stone Soup version 0.31-a0-358-gac0dbeb3ab (webtiles) character file.

Game seed: 18232203516835471839

4469 spiderkeys the Stinger (level 10, -3/69 HPs)
             Began as an Octopode Shapeshifter on July 25, 2023.
             Was an Initiate of Gozag.
             Slain by a vampire mosquito (11 damage)
             ... on level 7 of the Dungeon.
             The game lasted 00:16:41 (8742 turns).

spiderkeys the Stinger (Octopode Shapeshifter)      Turns: 8742, Time: 00:16:42

Health: -3/69      AC:  1    Str: 17    XL:     10   Next: 37%
Magic:  18/18      EV: 16    Int: 16    God:    Gozag
Gold:   1017       SH:  0    Dex: 16    Spells: 9/19 levels left

rFire   . . .        z - +2 spear (flame)
rCold   . . .        (no shield)
rNeg    . . .        (helmet currently unavailable)
rPois   .            n - amulet of Uplos {Acrobat Int+4 Dex+3}
rElec   .            (no ring)
rCorr   .            (no ring)
SInv    .            (no ring)
Will    .....        (no ring)
Stlth   ++           (no ring)
HPRegen 0.31/turn    (no ring)
MPRegen 0.16/turn    (no ring)
                     (no ring)

%: acrobat
@: beast-form, gold aura
A: beast (slay +2), almost no armour, amphibious, 8 rings, camouflage 1,
gelatinous body 1, (nimble swimmer 1), tentacles
a: Begin Untransformation, Renounce Religion, Potion Petition, Call Merchant,
Bribe Branch


You were on level 7 of the Dungeon.
You worshipped Gozag.
Gozag was most pleased with you.
You were a hulking beast.
You visited 2 branches of the dungeon, and saw 9 of its levels.
You also visited: Bailey.

You collected 1064 gold pieces.
You paid 47 gold pieces to Gozag.


Innate Abilities, Weirdness & Mutations

You are a hulking beast.
Your limbs bulge with bestial killing power. (Slay +2)
You cannot wear most types of armour.
You are amphibious.
You can wear up to eight rings at the same time.
Your skin changes colour to match your surroundings (Stealth+).
Your rubbery body absorbs attacks. (AC +1, EV +1)
((You are camouflaged when in or above water. (Stealth+)))
You have tentacles for arms and can constrict up to eight enemies at once.


   Skills:
 + Level 6.9 Fighting
 - Level 7.1 Dodging
 - Level 3.0 Unarmed Combat
 - Level 5.4 Spellcasting
 + Level 0.2 Conjurations
 + Level 0.2 Ice Magic
 + Level 6.1 Air Magic
 - Level 7.3 Poison Magic
 - Level 3.8 Shapeshifting


You had 9 spell levels left.
You knew the following spells:

 Your Spells              Type           Power      Damage    Failure   Level
f - Freezing Cloud        Conj/Ice/Air   5%         6-21      86%         5
m - Mephitic Cloud        Conj/Pois/Air  19%        N/A       7%          3
p - Poisonous Vapours     Pois/Air       52%        N/A       1%          2

Your spell library contained the following spells:

 Spells                   Type           Power      Damage    Failure   Level
 Sting                    Tmut/Pois      64%        1d6       3%          1
 Apportation              Tloc           8%         N/A       14%         1
 Kiss of Death            Conj/Necr      16%        2d6       14%         1
 Sandblast                Erth           8%         2d5       14%         1
 Confusing Touch          Hex            4%         N/A       41%         3
 Dispel Undead            Necr           4%         3d7       82%         4

Inventory:

Hand Weapons
 q - a +3 spear
   (You took it off a gnoll on level 3 of the Dungeon)
 z - a +2 spear of flaming (weapon)
   (You found it on level 7 of the Dungeon)
Missiles
 d - 62 stones
 h - a curare-tipped dart {=f}
 s - 29 poisoned darts
Magical Staves
 e - the staff of Lugonu's Favour {rElec Dex+2 Hexes Air, !a}
   (You acquired it on level 7 of the Dungeon)

   [staff of air]

   Base accuracy: +5 Base damage: 5 Base attack delay: 1.2 This weapon's minimum
   attack delay (0.6) is reached at skill level 12.
   Dex:       It affects your dexterity (+2).
   rElec:     It insulates you from electricity.
   Hexes:     It increases the power of your Hexes spells.
   Air:       It increases the power of your Air spells.
   It falls into the 'Staves' category.
   It is a one-tentacled weapon.
 g - a staff of conjuration {!a}
   (You found it in a bailey)
 l - a staff of poison {!a}
   (You found it on level 2 of the Dungeon)
 A - a staff of poison {!a}
   (You found it in a bailey)
Jewellery
 n - the amulet of Uplos (around mantle) {Acrobat Int+4 Dex+3}
   (You found it on level 2 of the Dungeon)

   [amulet of the acrobat]

   It increases your evasion while moving and waiting.
   Int:       It affects your intelligence (+4).
   Dex:       It affects your dexterity (+3).
 u - an amulet of magic regeneration
   (You found it on level 5 of the Dungeon)
 F - a ring of fire
   (You found it on level 5 of the Dungeon)
Talismans
 b - a beast talisman
Wands
 p - a wand of polymorph (7)
   (You took it off Ijyb on level 3 of the Dungeon)
Scrolls
 c - a scroll of noise {!r}
 j - 2 scrolls of vulnerability {!r!r}
 k - a scroll of torment {!r}
 r - 5 scrolls of teleportation {@r4}
 t - a scroll of enchant weapon
 w - a scroll of fear
 y - 2 scrolls of enchant armour
 B - a scroll of identify {@r1}
Potions
 a - 2 potions of lignification {!q}
 f - a potion of curing {@q1}
 i - a potion of attraction {!q}
 m - a potion of magic
 o - a potion of ambrosia
 v - a potion of degeneration {unknown}
 x - a potion of haste {unknown}

Dungeon Overview and Level Annotations

Branches:
Dungeon (8/15) Zot: 26983  Temple (1/1) D:4 Zot: 5922  Bailey (visited)
   Lair: D:8-11

Altars:
Ashenzari
Cheibriados
Dithmenos
Elyvilon
Fedhas
Gozag
Hepliaklqana
Kikubaaqudgha
Makhleb
Nemelex Xobeh
Okawaru
Qazlal
Ru
Sif Muna
Trog
Uskayaw
Vehumet
Wu Jian
Xom
Yredelemnul
Zin
The Shining One

#.####.#####.#..........#..#
#.<.#.##..##...###.[###...##
#.#######.....## #..# ##..#
#....#....##.## ##..## ##.#
####.#.#####.####....####.#
#..#.......)##..##..##..#
#.[..#####..)...........#
#.#.## ##.$....>......#
#.#.# ####..hy...#.#####
#.#.# #...............#
#.#.# ##.#####.#...###.#
##### #.#.# #..##.#..#...#
#.# #.... #.#.#
#..###.#.#..## #.# #.###
#.#.###..##..#.#..# #.# #.#
#.#......##....##.#
#.###.###
#........##....##.##
#.#.....#
###......#.....#...#
#.#.....#


You could see a vampire mosquito.


Message History

a +0 chain mail; a +0 battleaxe
Things that are here:
a +0 robe; a +0 dagger You enter the deep water.
Found an escape hatch in the ceiling. 😎 HP[+35]
Your hp is fully restored (69).
B - a scroll of identify {@r1} Done exploring.
Done exploring.
Done exploring.
Done exploring.
There is a stone staircase leading down here.
You climb downwards.
There is a stone staircase leading up here.
An orc priest comes into view. It is wielding a +0 mace.
A vampire mosquito and an orc come into view.
The orc is wielding a +2 whip of draining.
The orc shouts!
A vampire mosquito comes into view. x2
An orc priest comes into view. It is wielding a +0 flail.
An orc comes into view. It is wielding a +0 club.
The vampire mosquito completely misses you.
You barely miss the vampire mosquito.
The vampire mosquito buzzes angrily.
The orc priest shouts!
The orc shouts! x2
The orc priest shouts!
You grab the vampire mosquito. You squeeze the vampire mosquito.
You constrict the vampire mosquito. The vampire mosquito barely misses you.
The vampire mosquito bites you.
The vampire mosquito draws strength from your injuries!
The orc priest mumbles some strange prayers to Beogh against you.
Beogh smites you! 😕 HP[-11]
You take 11 damage, and now have 58/69 hp.
Unknown command.
You release your grip on the vampire mosquito.
The vampire mosquito closely misses you.
The vampire mosquito completely misses you.
The orc priest casts a cantrip, but nothing happens. 😕 HP[+1]
The vampire mosquito attacks as you move away!
The vampire mosquito completely misses you.
The vampire mosquito completely misses you. x2
The vampire mosquito attacks as you move away!
The vampire mosquito completely misses you. x3 😕 HP[+1]
The vampire mosquito attacks as you move away!
The vampire mosquito barely misses you. The vampire mosquito bites you!
The vampire mosquito draws strength from your injuries!
The vampire mosquito closely misses you.
The orc priest looks braver for a moment.
There is a stone staircase leading up here. 😕 HP[-7]
You take 7 damage, and now have 53/69 hp.
The vampire mosquito misses you.
The vampire mosquito closely misses you.
The vampire mosquito completely misses you.
The vampire mosquito bites you.
The vampire mosquito draws strength from your injuries!
The vampire mosquito bites you.
The vampire mosquito draws strength from your injuries!
You climb upwards.
There is a stone staircase leading down here. 😮 HP[-9]
You take 9 damage, and now have 44/69 hp.
You hit the vampire mosquito. You burn the vampire mosquito.
You grab the vampire mosquito. You squeeze the vampire mosquito.
You constrict the vampire mosquito, but do no damage.
The vampire mosquito misses you.
The vampire mosquito barely misses you. x2
The vampire mosquito bites you!
The vampire mosquito draws strength from your injuries! 😮 HP[-8]
You take 8 damage, and now have 36/69 hp.
You puncture the vampire mosquito! You burn the vampire mosquito.
Your squeeze misses the vampire mosquito.
You constrict the vampire mosquito. The vampire mosquito bites you!
* * * LOW HITPOINT WARNING * * *
The vampire mosquito draws strength from your injuries!
The vampire mosquito barely misses you. The vampire mosquito bites you!
* * * LOW HITPOINT WARNING * * *
The vampire mosquito draws strength from your injuries!
The vampire mosquito closely misses you. 😱 HP[-20]
You take 20 damage, and now have 16/69 hp.
MASSIVE DAMAGE!! (PAUSE)
You barely miss the vampire mosquito. Your grab misses the vampire mosquito.
Your squeeze misses the vampire mosquito.
You constrict the vampire mosquito. The vampire mosquito misses you.
The vampire mosquito closely misses you.
The vampire mosquito barely misses you. The vampire mosquito bites you!
* * * LOW HITPOINT WARNING * * *
The vampire mosquito draws strength from your injuries! 😱 HP[-8]
You take 8 damage, and now have 8/69 hp.
You puncture the vampire mosquito! You burn the vampire mosquito.
You destroy the vampire mosquito!
The vampire mosquito closely misses you.
The vampire mosquito bites you!
You die...
Your body crumbles into a pile of gold.

Skill      XL: |  1  2  3  4  5  6  7  8  9 10 |
---------------+-------------------------------+-----
Fighting       | 2 3 4 5 6 |  6.9
Dodging        | 3 4 5 6 7 |  7.1
Air Magic      | 1 2 4 5 6 |  6.1
Poison Magic   | 1 2 3 5 6 7 |  7.3
Spellcasting   | 1 2 3 5 |  5.4
Unarmed Combat | |  3.0
Conjurations   | |  0.2
Ice Magic      | |  0.2
Shapeshifting  | |  3.8

Action                     |  1- 3 |  4- 6 |  7- 9 | 10-12 || total
---------------------------+-------+-------+-------+-------++-------
  Melee: Unarmed           |    67 |    56 |       |       ||   123
         Tentacles         |    14 |    17 |    52 |    10 ||    93
         Constrict         |    22 |    20 |    41 |    16 ||    99
         Punch             |     1 |     5 |     2 |     1 ||     9
         Spear             |       |    27 |   217 |    45 ||   289
  Throw: Stone             |       |     1 |       |       ||     1
   Cast: Poisonous Vapours |       |     7 |    37 |     9 ||    53
  Evoke: Wand              |       |       |     5 |     3 ||     8
    Use: Scroll            |       |       |     9 |     3 ||    12
         Potion            |       |       |       |     5 ||     5
   Stab: Sleeping          |     7 |     2 |     4 |       ||    13
         Distracted        |       |       |     1 |     1 ||     2
 Armour: Skin              |     8 |    10 |     7 |       ||    25
  Dodge: Dodged            |    37 |    41 |   149 |    52 ||   279

Levels and vault maps discovered:
D:1:      dpeg_arrival_radiant, layout_rooms
D:2:      layout_basic
D:3:      layout_rooms, mainiacjoe_overflow_large_starburst, uniq_ijyb,
          uniq_natasha
D:4:      layout_rooms, minmay_temple_entry_crystal_x, serial_rivers,
          chequers_serial_rivers_micro_b, chequers_serial_rivers_micro_a,
          chequers_serial_rivers_small_3, chequers_serial_rivers_room_b,
          chequers_serial_rivers_large_b, minmay_surrounded
D:5:      layout_cave_pods, serial_demonic, serial_demonic_g, serial_demonic_b,
          serial_demonic_c, serial_demonic_c, serial_demonic_c,
          serial_demonic_g, uniq_blork_the_orc, uniq_grinder
D:6:      layout_loops_corners
D:7:      layout_loops_ring, enter_bailey_2, minmay_misc_feat_rugged,
          serial_bayou_ford_a, minmay_crystal_water, amethyst_killhole,
          st_stairs_1, palyth_stone_intersect, minivault_27, uniq_joseph
D:8:      layout_cave_pools, gammafunk_ghost_ooze, minmay_tree_intersection
Temple:   mainiacjoe_temple_big_plus

Notes
Turn   | Place    | Note
-------+----------+-------------------------------------------
     0 | D:1      | spiderkeys the Octopode Shapeshifter began the quest for
                  | the Orb.
     0 | D:1      | Reached XP level 1. HP: 13/13 MP: 1/1
     0 | D:1      | magus.rc [v1.11.3]
   127 | D:1      | Reached XP level 2. HP: 16/18 MP: 2/2
   238 | D:1      | HP: 3/18 [goblin/+0 club (4)]
   416 | D:1      | Reached XP level 3. HP: 24/24 MP: 3/3
   657 | D:2      | Reached skill level 2 in Fighting
   963 | D:2      | Reached XP level 4. HP: 29/29 MP: 4/4
  1079 | D:2      | Reached skill level 3 in Dodging
  1086 | D:2      | Identified the amulet of Uplos {Acrobat Int+4 Dex+3}
  1336 | D:3      | Noticed Natasha
  1342 | D:3      | Killed Natasha
  1343 | D:3      | Reached XP level 5. HP: 36/36 MP: 5/5
  1369 | D:3      | Reached skill level 3 in Fighting
  1394 | D:3      | You pick up a book of Vapours and begin reading...
  1394 | D:3      | You add the spells Poisonous Vapours, Mephitic Cloud and
                  | Freezing Cloud to your library.
  1398 | D:3      | Learned a level 2 spell: Poisonous Vapours
  1728 | D:3      | Noticed Ijyb
  1736 | D:3      | Noticed Natasha
  1746 | D:3      | Killed Natasha
  1748 | D:3      | Killed Ijyb
  1749 | D:3      | Reached skill level 1 in Air Magic
  1749 | D:3      | Reached skill level 1 in Poison Magic
  1749 | D:3      | Reached XP level 6. HP: 42/42 MP: 1/7
  1832 | D:3      | Found an iron altar of Okawaru.
  1838 | D:3      | Found a glowing silver altar of Zin.
  1936 | D:3      | Noticed Natasha
  1947 | D:3      | Killed Natasha
  1948 | D:3      | Reached skill level 1 in Spellcasting
  2408 | D:4      | Reached skill level 2 in Poison Magic
  2491 | D:4      | Reached skill level 4 in Dodging
  2491 | D:4      | Reached XP level 7. HP: 39/47 MP: 9/9
  2635 | D:4      | Reached skill level 2 in Air Magic
  2848 | D:4      | Found a staircase to the Ecumenical Temple.
  2859 | D:4      | Reached skill level 2 in Spellcasting
  2984 | Temple   | Entered the Ecumenical Temple
  3023 | Temple   | Became a worshipper of Gozag Ym Sagoz the Greedy
  3134 | D:5      | Entered Level 5 of the Dungeon
  3159 | D:4      | Reached skill level 4 in Fighting
  3159 | D:4      | Reached skill level 3 in Poison Magic
  3211 | D:4      | HP: 12/48 [poisoned by a gnoll]
  3794 | D:5      | Reached XP level 8. HP: 54/54 MP: 11/11
  3929 | D:5      | Reached skill level 3 in Air Magic
  4030 | D:5      | Noticed Blork the orc
  4050 | D:5      | Killed Blork the orc
  4051 | D:5      | Reached skill level 4 in Poison Magic
  4244 | D:5      | Reached skill level 5 in Dodging
  4244 | D:5      | Reached skill level 3 in Spellcasting
  4389 | D:5      | Noticed Grinder
  4391 | D:5      | Paralysed by Grinder for 3 turns
  4399 | D:5      | Killed Grinder
  4406 | D:5      | Reached skill level 5 in Fighting
  4872 | D:6      | You add the spells Sandblast, Apportation and Sting to your
                  | library.
  4872 | D:6      | Got An Induction into Spellcasting
  5028 | D:6      | Reached skill level 4 in Air Magic
  5184 | D:6      | Reached skill level 5 in Poison Magic
  5255 | D:6      | Reached XP level 9. HP: 61/61 MP: 14/14
  5638 | D:6      | HP: 14/61 [ice beast (5)]
  5641 | D:6      | Reached skill level 4 in Spellcasting
  5820 | D:6      | You pick up a book of Touch and begin reading...
  5820 | D:6      | You add the spells Kiss of Death, Confusing Touch and
                  | Dispel Undead to your library.
  6186 | D:7      | Identified a scroll of acquirement
  6187 | D:7      | Acquired the staff of Lugonu's Favour {rElec Dex+2 Hexes
                  | Air}
  6325 | D:7      | Reached skill level 6 in Dodging
  6626 | D:7      | HP: 14/62 [phantom (6)]
  6630 | D:7      | HP: 5/62 [phantom (4)]
  6633 | D:7      | HP: 1/62 [orc/+0 mace (5)]
  6670 | D:7      | Found a flagged portal.
  6677 | D:7      | HP: 7/62 [orc wizard/magic dart (7)]
  6678 | D:7      | Reached skill level 6 in Fighting
  6678 | D:7      | Reached skill level 5 in Air Magic
  6678 | D:7      | Reached skill level 6 in Poison Magic
  6690 | Bailey   | Entered a bailey
  6875 | Bailey   | Learned a level 3 spell: Mephitic Cloud
  7085 | Bailey   | Noticed an orc knight
  7156 | Bailey   | Killed an orc knight
  7184 | Bailey   | Reached skill level 5 in Spellcasting
  7184 | Bailey   | Reached XP level 10. HP: 63/69 MP: 3/17
  7316 | Bailey   | Found a large runed translucent door.
  7316 | Bailey   | Found a large runed translucent door.
  7317 | Bailey   | Noticed a deep elf zephyrmancer
  7488 | Bailey   | Killed a deep elf zephyrmancer
  7489 | Bailey   | Reached skill level 7 in Poison Magic
  7515 | Bailey   | Identified the +10 plate armour of Greater Demons {rPois
                  | Str+2}
  7590 | D:7      | Reached skill level 7 in Dodging
  7759 | D:7      | Noticed Joseph
  7769 | D:7      | Killed Joseph
  7770 | D:7      | Reached skill level 6 in Air Magic
  8046 | D:7      | Learned a level 5 spell: Freezing Cloud
  8740 | D:7      | HP: 16/69 [vampire mosquito (8)]
  8742 | D:7      | Slain by a vampire mosquito

Vanquished Creatures
  An orc knight (Bailey)
  A deep elf zephyrmancer (Bailey)
  Joseph (D:7)
  Grinder (D:5)
  A vampire mosquito (D:7)
  A water moccasin (D:7)
  6 orc warriors
  3 ice beasts (D:6)
  A black bear (D:7)
  3 ogres
  A centaur (D:5)
  3 phantoms
  A kobold brigand (D:7)
  Blork the orc (D:5)
  A gnoll sergeant (D:5)
  3 scorpions
  A bullfrog (D:6)
  An electric eel (D:7)
  A quasit (D:5)
  2 orc priests (D:7)
  3 hounds
  Ijyb (D:3)
  A jelly (D:4)
  2 sleepcaps
  7 iguanas
  5 orc wizards (D:7)
  Natasha (thrice) (D:3)
  11 gnolls
  11 adders
  2 shadow imps
  2 white imps
  An ufetubus (D:5)
  3 worms
  5 dart slugs
  18 orcs
  5 ball pythons
  7 endoplasms
  6 giant cockroaches
  5 goblins
  7 hobgoblins
  2 quokkas
  6 bats
  3 frilled lizards
  12 kobolds
  5 rats
167 creatures vanquished.

Table legend:
 A = Non-vault XP
 B = Vault XP
 C = Vault XP percentage of total XP
 D = Non-vault monster count
 E = Vault monster count
 F = Vault count percentage of total count
                 A         B        C        D         E       F
            +---------+---------+-------+---------+---------+-------
      Total |    3371 |    3188 |  48.6 |     139 |      28 |  16.8
            +---------+---------+-------+---------+---------+-------
        D:1 |      44 |       0 |   0.0 |      25 |       0 |   0.0
        D:2 |     115 |       0 |   0.0 |      17 |       0 |   0.0
        D:3 |     168 |      73 |  30.3 |      21 |       2 |   8.7
        D:4 |     490 |      56 |  10.3 |      18 |       4 |  18.2
        D:5 |     658 |     453 |  40.8 |      14 |       6 |  30.0
        D:6 |     819 |       0 |   0.0 |      14 |       0 |   0.0
        D:7 |    1077 |     804 |  42.7 |      30 |       4 |  11.8
     Bailey |       0 |    1802 | 100.0 |       0 |      12 | 100.0
            +---------+---------+-------+---------+---------+-------

Skill      XL: |  1  2  3  4  5  6  7  8  9 10 |
---------------+-------------------------------+-----
Fighting       | 2 3 4 5 6 |  6.9
Dodging        | 3 4 5 6 7 |  7.1
Air Magic      | 1 2 4 5 6 |  6.1
Poison Magic   | 1 2 3 5 6 7 |  7.3
Spellcasting   | 1 2 3 5 |  5.4
Unarmed Combat | |  3.0
Conjurations   | |  0.2
Ice Magic      | |  0.2
Shapeshifting  | |  3.8

Action                     |  1- 3 |  4- 6 |  7- 9 | 10-12 || total
---------------------------+-------+-------+-------+-------++-------
  Melee: Unarmed           |    67 |    56 |       |       ||   123
         Tentacles         |    14 |    17 |    52 |    10 ||    93
         Constrict         |    22 |    20 |    41 |    16 ||    99
         Punch             |     1 |     5 |     2 |     1 ||     9
         Spear             |       |    27 |   217 |    45 ||   289
  Throw: Stone             |       |     1 |       |       ||     1
   Cast: Poisonous Vapours |       |     7 |    37 |     9 ||    53
  Evoke: Wand              |       |       |     5 |     3 ||     8
    Use: Scroll            |       |       |     9 |     3 ||    12
         Potion            |       |       |       |     5 ||     5
   Stab: Sleeping          |     7 |     2 |     4 |       ||    13
         Distracted        |       |       |     1 |     1 ||     2
 Armour: Skin              |     8 |    10 |     7 |       ||    25
  Dodge: Dodged            |    37 |    41 |   149 |    52 ||   279

Illustrated notes

Table legend:
 A = Kills in this place as a percentage of kills in the entire game.
 B = Kills by you in this place as a percentage of kills by you in the entire game.
 C = Kills by friends in this place as a percentage of kills by friends in the entire game.
 D = Other kills in this place as a percentage of other kills in the entire game.
 E = Experience gained in this place as a percentage of experience gained in the entire game.
 F = Experience gained in this place divided by the number of levels of this place that you have seen.
                   A       B       C       D       E      F
               +-------+-------+-------+-------+-------+----------------------
         Total | 100.0 | 100.0 |   N/A |   N/A | 100.0 | 655.9
       Dungeon |  92.8 |  92.8 |   N/A |   N/A |  72.5 | 594.6
        Bailey |   7.2 |   7.2 |   N/A |   N/A |  27.5 | 1802.0
               +-------+-------+-------+-------+-------+----------------------

Table legend: (Time is in decaauts)
 A = Elapsed time spent in this place.
 B = Non-inter-level travel time spent in this place.
 C = Inter-level travel time spent in this place.
 D = Time resting spent in this place.
 E = Time spent auto-exploring this place.
 F = Levels seen in this place.
 G = Mean time per level.
                   A        B        C        D        E       F      G
               +--------+--------+--------+--------+--------+-----+--------+
         Total |   8772 |   8455 |    317 |   1072 |   5852 |  10 |  877.2 |
       Dungeon |   7827 |   7585 |    242 |    811 |   5529 |   8 |  978.4 |
        Temple |     77 |      2 |     75 |      0 |      0 |   1 |   77.0 |
        Bailey |    867 |    867 |      0 |    261 |    323 |   1 |  867.0 |
               +--------+--------+--------+--------+--------+-----+--------+

Top non-repeatable levels by time:
     D:6: 1802 daAuts
     D:5: 1386 daAuts
     D:7: 1315 daAuts
     D:4: 1159 daAuts
     D:2: 927 daAuts
  Bailey: 867 daAuts
     D:3: 671 daAuts
     D:1: 554 daAuts
  Temple: 77 daAuts
     D:8: 10 daAuts
